[Event "*** Titled Tuesday 3|2 Blitz"]
[Site "Chess.com"]
[Date "2014.12.30"]
[Round "4"]
[White "Tilicheev_Viacheslav"]
[Black "rhungaski"]
[Result "1/2-1/2"]
[WhiteElo "2384"]
[BlackElo "2404"]
[TimeControl "180+2"]
[EndTime "11:52:54 PST"]
[Termination "Game drawn by stalemate"]

1. e4 d6 2. d4 Nf6 3. Nc3 e5 4.
Nf3 Nbd7 5. g4 g6 6. g5 Nh5 7.
Be3 c6 8. Be2 Qa5 9. Qd2 b5 10.
d5 Bb7 11. dxc6 Bxc6 12. Nxb5 Qxd2+ 13. Nxd2 Bxb5 14. Bxb5 Nf4 15. O-O-O a6 16. Bxd7+ Kxd7 17. Nc4 Kc6 18. Bxf4 exf4 19. Rd5 h6 20. Rhd1 hxg5 21.
Nxd6 Rxh2 22. Nxf7 Rxf2 23. Nxg5 Re8 24. a4 Bc5 25.
Kb1 Re7 26. e5 Re2 27. e6 Re3 28. R5d3 Re5 29. Nf7 R5xe6 30. Nd8+ Kb6 31. Nxe6 Rxe6 32. Rd5 Rf6 33. a5+ Kc6 34. c3 f3 35. b4 Ba7 36.
R5d2 f2 37. Rf1 g5 38. Kc2 g4 39. Rd3 Rf4 40. Kd2 Kb5 41. Ke2 Kc4 42. Rg3 Re4+ 43.
Kd2 Rf4 44. Ke2 Re4+ 45. Kd2 Kb3 46. Rg2 Rf4 47. Rg3 Bb8 48. Kd3 Ba7 49. b5 axb5 50. a6 Ka4 51. Ra1+ Kb3 52. Rf1 Bb6 53. Rg2 Ka4 54. Rg3 Kb3 55. Ke2 Kc4 56. Kd2 Bc5 57.
Rg2 Kd5 58. Kd3 Rf3+ 59. Ke2 Rf4 60. Kd3 Ke6 61. Kd2 Kf5 62. Ke2 Rf3 63. Rb1 Kf4 64.
Kf1 Rxc3 65. Rxf2+ Bxf2 66. Kxf2 Rc2+ 67. Kf1 Kf3 68. Rb3+ Kf4 69. Ra3 Rc8 70. Rb3 Ra8 71.
Rb4+ Kf3 72. Rb3+ Kf4 73. Rb4+ Kg3 74. Rb3+ Kh2 75. Rb2+ Kh3 76. Rb3+ g3 77. Rxb5 Rxa6 78. Rh5+ Kg4 79. Rh8 Ra1+ 80. Kg2 Ra2+ 81. Kg1 Ra4 82. Rg8+ Kf3 83. Rf8+ Kg4 84. Rg8+ Kh3 85. Rh8+ Rh4 86. Rxh4+ Kxh4 87. Kg2 Kg4 88. Kg1 Kf3 89. Kf1 Kf4 90.
Kg2 Kg4 91. Kg1 Kh3 92. Kh1 Kh4 93. Kg2 Kg4 94. Kg1 Kg5 95. Kg2 Kf4 96. Kg1 Kf3 97. Kf1 Kg4 98. Kg2 Kh4 99. Kg1 Kg4 100. Kg2 Kf4 101. Kg1 Kf3 102. Kf1 g2+ 103. Kg1 Kg3 1/2-1/2

[Event "*** Titled Tuesday 3|2 Blitz"]
[Site "Chess.com"]
[Date "2014.12.30"]
[Round "4"]
[White "VSERGUEI"]
[Black "Imre91"]
[Result "1/2-1/2"]
[WhiteElo "2304"]
[BlackElo "2534"]
[TimeControl "180+2"]
[EndTime "11:56:53 PST"]
[Termination "Game drawn - insufficient material"]

1. d4 Nf6 2. c4 c6 3. Bf4 d5 4. e3 g6 5. Nc3 Bg7 6. h3 a6 7. Nf3 O-O 8. Rc1 Bf5 9. a3 Ne4 10.
Bd3 Nxc3 11. Rxc3 Bxd3 12. Qxd3 dxc4 13. Qxc4 Nd7 14. O-O Nb6 15. Qb3 Nd5 16. Qxb7 Nxc3 17. bxc3 Qa5 18. c4 Qa4 19. c5 Rfe8 20. Ne5 Bxe5 21. Bxe5 Qb5 22. Rb1 Qxb7 23. Rxb7 f6 24. Bf4 Kf8 25. h4 Red8 26. g4 Ke8 27. g5 Rd7 28. Rb6 Rc8 29. gxf6 exf6 30. Rxa6 Rb7 31. a4 Kd7 32. a5 Ke6 33. Kg2 Kd5 34. Kg3 Re8 35.
Rb6 Ra7 36. a6 Rea8 37. Rb7 Rxa6 38. Rxh7 R6a7 39. Rh6 Rg8 40. f3 Re7 41. Kf2 Kc4 42. h5 Reg7 43. hxg6 Rxg6 44. Rxg6 Rxg6 45. Bc7 f5 46. Be5 Kd3 47. Bf4 Kc4 48. Bg3 Rg8 49. Be5 Kd3 50. Bf6 Ra8 51. Bg5 Rg8 52. Bh6 Rg6 53.
Bf4 Kc4 54. Bd6 Kd5 55. Be5 Rg8 56. Ke2 Rg2+ 57. Kd3 Ra2 58. e4+ Ke6 59. Ke3 Ra8 60. Kf4 Rf8 61. Ke3 Rf7 62. Bd6 Rh7 63. Kf4 Rf7 64.
Kg5 fxe4 65. fxe4 Rf1 66. Kg4 Rf7 67. Bf4 Ra7 68. Kf3 Ra3+ 69. Ke2 Rb3 70. Be3 Rc3 71. Kf3 Rc2 72. Kf4 Ra2 73. Kg4 Ra1 74. Bf4 Rf1 75. Be5 Rf7 76. Bf4 Rd7 77. Bd6 Rd8 78. Kf3 Ra8 79. Kf4 Ra3 80. Be5 Rd3 81. Bh8 Rd1 82. Ke3 Re1+ 83. Kd3 Rh1 84. Be5 Rc1 85.
Bd6 Re1 86. Bc7 Ra1 87. Be5 Ra4 88. Bd6 Ra3+ 89. Ke2 Rb3 90. Bf4 Rc3 91. Be3 Ra3 92. Kf3 Rb3 93. Kf4 Rd3 94. Bf2 Kf6 95. Be3 Ke7 96.
Kf3 Ke6 97. Ke2 Ra3 98. Bd2 Rb3 99. Be1 Kf6 100. Bf2 Ke6 101. Be3 Rb8 102. Bf4 Rh8 103. Kd3 Rh3+ 104. Ke2 Rh4 105. Kf3 Rh3+ 106. Bg3 Rh1 107. Be5 Rh3+ 108. Kg4 Rb3 109. Kf4 Rb1 110. Bc7 Re1 111. Ba5 Re2 112. Bc3 Rh2 113. Ba5 Rh4+ 114. Ke3 Rh3+ 115. Kd2 Kd7 116. Bc3 Ke6 117. Bb4 Rg3 118. Ba5 Rf3 119. Bc7 Rf2+ 120. Kd3 Ra2 121. Be5 Ra4 122. Kc3 Ra3+ 123. Kd2 Rb3 124. Bd6 Rh3 125. Bf4 Rf3 126. Be3 Rf8 127. Kd3 Ra8 128. Kc4 Ra4+ 129. Kb3 Ra8 130. Kc4 Ra4+ 131. Kd3 Ra3+ 132. Ke2 Rb3 133. Kf3 Rc3 134. Ke2 Rc2+ 135. Kd3 Rg2 136. Kc4 Rg4 137. Kd3 Rh4 138. Bg5 Rh3+ 139. Kc4 Rg3 140. d5+ Ke5 141. dxc6 Rxg5 142. c7 Rg8 143. Kb5 Kxe4 144. Kc6 Kd4 145. Kd6 Rg6+ 146. Kd7 Rg7+ 147. Kc6 Rg8 148. Kd7 Kxc5 149. c8=Q+ Rxc8 150. Kxc8 1/2-1/2

[Event "*** Titled Tuesday 3|2 Blitz"]
[Site "Chess.com"]
[Date "2014.12.30"]
[Round "5"]
[White "AlexanderL"]
[Black "Tilicheev_Viacheslav"]
[Result "0-1"]
[WhiteElo "2425"]
[BlackElo "2393"]
[TimeControl "180+2"]
[EndTime "12:00:17 PST"]
[Termination "Tilicheev_Viacheslav won by resignation"]

1. d4 d5 2. c4 e5 3. dxe5 d4 4. Nf3 Nc6 5. a3 Nge7 6. Nbd2 Nf5 7. Nb3 Be6 8. e4 dxe3 9. Qxd8+ Rxd8 10. fxe3 h5 11. e4 Nfd4 12. Nbxd4 Nxd4 13. Kf2 Nb3 14. Rb1 Rd1 15. c5 c6 0-1

[Event "*** Titled Tuesday 3|2 Blitz"]
[Site "Chess.com"]
[Date "2014.12.30"]
[Round "5"]
[White "exoticprincess"]
[Black "162a54f5d"]
[Result "1-0"]
[WhiteElo "2652"]
[BlackElo "2314"]
[TimeControl "180+2"]
[EndTime "12:01:21 PST"]
[Termination "exoticprincess won by resignation"]

1. b3 Nc6 2. Bb2 d5 3. e3 a6 4. f4 Nf6 5. Nf3 e6 6. a3 Be7 7.
Bd3 O-O 8. O-O Ne4 9. Nc3 f5 10. Ne2 Bf6 11. Qc1 Qe7 12. b4 a5 13. b5 Nd8 14. c4 c5 15. bxc6 bxc6 16. Bxf6 gxf6 17. cxd5 cxd5 18. Nfd4 Ba6 19. Bxa6 Rxa6 20. d3 Nc5 21. Qc2 Ndb7 22. Rab1 a4 23. Rb5 Ra5 24. Nc6 Qd7 25. Rxa5 Nxa5 26. Nxa5 Qb5 27. Nc6 1-0

[Event "*** Titled Tuesday 3|2 Blitz"]
[Site "Chess.com"]
[Date "2014.12.30"]
[Round "5"]
[White "grandmastergauri"]
[Black "BeerLag"]
[Result "1-0"]
[WhiteElo "2262"]
[BlackElo "2156"]
[TimeControl "180+2"]
[EndTime "12:02:35 PST"]
[Termination "grandmastergauri won by resignation"]

1. e4 c5 2. Nc3 Nc6 3. Bb5 g6 4.
Bxc6 dxc6 5. d3 Bg7 6. Nge2 e5 7.
O-O Ne7 8. f4 O-O 9. fxe5 Bxe5 10. Bh6 Re8 11. Nf4 c4 12. Qf3 f6 13. Rad1 Qb6+ 14.
Kh1 Qxb2 15. d4 Bc7 16. Nxg6 f5 17. Nxe7+ Rxe7 18. exf5 Rf7 19. Qg4+ Kh8 20. Qh5 Kg8 21. Ne4 Bd8 22. Nd6 1-0

[Event "*** Titled Tuesday 3|2 Blitz"]
[Site "Chess.com"]
[Date "2014.12.30"]
[Round "5"]
[White "ItalianMachine"]
[Black "WanderingPuppet"]
[Result "1-0"]
[WhiteElo "2168"]
[BlackElo "2052"]
[TimeControl "180+2"]
[EndTime "12:03:28 PST"]
[Termination "ItalianMachine won by resignation"]

1. e4 c5 2. d4 cxd4 3. c3 dxc3 4.
Nxc3 Nc6 5. Nf3 e6 6. Bc4 a6 7. O-O b5 8. Bb3 Be7 9. e5 Nh6 10. Bxh6 gxh6 11. Ne4 Qc7 12. Rc1 Bb7 13. Qd2 Rd8 14.
Qxh6 Qb8 15. Qg7 Rf8 16. Nf6+ Bxf6 17. Qxf6 Na5 18. Ng5 Qa8 19. f3 Qa7+ 20. Kh1 Qd4 21. Nxh7 Qxb2 22. Nxf8 d6 23. Rc7 1-0

[Event "*** Titled Tuesday 3|2 Blitz"]
[Site "Chess.com"]
[Date "2014.12.30"]
[Round "5"]
[White "Kacparov"]
[Black "MartinZumsande"]
[Result "1-0"]
[WhiteElo "2318"]
[BlackElo "2245"]
[TimeControl "180+2"]
[EndTime "12:03:37 PST"]
[Termination "Kacparov won by resignation"]

1. c4 e6 2. Nc3 d5 3. d4 Be7 4.
Bf4 Nf6 5. e3 O-O 6. Rc1 c5 7.
dxc5 Bxc5 8. cxd5 exd5 9. Nf3 Be6 10. Be2 Nc6 11. O-O Be7 12. a3 Rc8 13. h3 h6 14.
Bh2 Ne4 15. Nxe4 dxe4 16. Nd2 f5 17. Nc4 Qxd1 18. Rfxd1 Rfd8 19. Nd6 Bxd6 20. Rxd6 Rxd6 21. Bxd6 Rd8 22. Rd1 Kf7 23. Rd2 Bb3 24. Bb4 Rxd2 25. Bxd2 Ke6 26. f3 Kd5 27. Bc3 g6 28. Bg7 h5 29. Kf2 Ne5 30. Kg3 Nc4 31. Kf4 g5+ 32. Kxf5 Nxe3+ 33. Kxg5 Nxg2 34. fxe4+ Kxe4 35. Bxh5 Nf4 36. Bg4 Ne6+ 37. Kf6 Nd4 38. h4 Bg8 39. h5 Bh7 40. h6 b5 41. Bh5 Kd5 42. Bg6 Bg8 43. Bf7+ Bxf7 44. Kxf7 Ne6 45. Bf6 1-0

[Event "*** Titled Tuesday 3|2 Blitz"]
[Site "Chess.com"]
[Date "2014.12.30"]
[Round "5"]
[White "swayamsm"]
[Black "crisfoisor"]
[Result "1-0"]
[WhiteElo "2341"]
[BlackElo "2115"]
[TimeControl "180+2"]
[EndTime "12:03:48 PST"]
[Termination "swayamsm won by checkmate"]

1. d4 g6 2. c4 Bg7 3. Nc3 c5 4.
d5 Bxc3+ 5. bxc3 f5 6. e4 fxe4 7. f3 Qa5 8. Qc2 Nf6 9. fxe4 d6 10. Bd3 Nbd7 11. Nf3 Ng4 12. O-O Nde5 13. Nxe5 Nxe5 14.
Rb1 Qa6 15. Bh6 Rg8 16. Qf2 Kd7 17. Qg3 Kc7 18. Bg5 Re8 19. Be2 Qxa2 20. Rbe1 Bd7 21. Qh4 h5 22. Bxe7 a5 23. Qf6 Ra6 24. Qg7 Qd2 25. Bf6 a4 26. Bh4 a3 27. Rf8 Rxf8 28.
Qxf8 a2 29. Qd8# 1-0

[Event "*** Titled Tuesday 3|2 Blitz"]
[Site "Chess.com"]
[Date "2014.12.30"]
[Round "5"]
[White "Imre91"]
[Black "David_Klein"]
[Result "1-0"]
[WhiteElo "2538"]
[BlackElo "2359"]
[TimeControl "180+2"]
[EndTime "12:04:02 PST"]
[Termination "Imre91 won by resignation"]

1. d4 g6 2. h4 Nf6 3. Bg5 Ne4 4.
Bf4 h6 5. Nd2 Nxd2 6. Qxd2 Bg7 7. Nf3 d6 8. c3 Nd7 9. Rd1 Nf6 10. g3 Ne4 11. Qe3 Nf6 12. Qc1 Be6 13. b3 a5 14. c4 a4 15. d5 Bg4 16. b4 Ne4 17. Nd4 c5 18. dxc6 Qb6 19. Bg2 Bxd4 20. Bxe4 Bxf2+ 21. Kf1 bxc6 22. c5 Qb5 23. Bd3 Qxb4 24.
Kxf2 d5 25. a3 Qa5 26. Bxh6 e5 27. Bg7 Rh5 28. Qe3 e4 29. Kg2 O-O-O 30. Bc2 Rg8 31.
Bf6 Rf5 32. Rhf1 Qb5 33. Rxf5 gxf5 34. Kf2 Bh5 35. Be5 Kd7 36. Bf4 Ke6 37. Rd2 Qc4 38.
Qd4 Qxd4+ 39. Rxd4 Rb8 40. Bxb8 1-0

[Event "*** Titled Tuesday 3|2 Blitz"]
[Site "Chess.com"]
[Date "2014.12.30"]
[Round "5"]
[White "SidArun"]
[Black "zmaj23"]
[Result "0-1"]
[WhiteElo "1809"]
[BlackElo "2104"]
[TimeControl "180+2"]
[EndTime "12:04:06 PST"]
[Termination "zmaj23 won by resignation"]

1. e4 c5 2. c3 Nf6 3. e5 Nd5 4.
Bc4 Nb6 5. Bb3 d5 6. Nf3 Bg4 7.
d4 e6 8. Be3 N8d7 9. h3 Bxf3 10.
Qxf3 Qc7 11. Nd2 Be7 12. O-O O-O 13. Rac1 f6 14. exf6 Rxf6 15. Qg3 Bd6 16. f4 Raf8 17. dxc5 Nxc5 18. Bc2 Ncd7 19. Bd4 Bxf4 20. Qh4 Bxd2 21. Qxh7+ Kf7 22. Bg6+ Ke7 23. Qxg7+ Kd6 24. Bxf6 Rxf6 25. Rcd1 Be3+ 26. Kh1 Rxf1+ 27. Rxf1 Qc4 28. Re1 Bd2 29. Rg1 Qe2 30. Be8 Be3 31. Qg3+ Ke7 32. Bxd7 Bxg1 33.
Qg7+ Kd6 34. Kxg1 Nxd7 35. Qg3+ Ne5 0-1

[Event "*** Titled Tuesday 3|2 Blitz"]
[Site "Chess.com"]
[Date "2014.12.30"]
[Round "5"]
[White "FairChess_on_YouTube"]
[Black "ameet100"]
[Result "1-0"]
[WhiteElo "2720"]
[BlackElo "2411"]
[TimeControl "180+2"]
[EndTime "12:04:10 PST"]
[Termination "FairChess_on_YouTube won by resignation"]

1. d4 d6 2. e4 Nf6 3. Nc3 g6 4.
Nf3 Bg7 5. h3 O-O 6. Be2 a6 7.
a4 b6 8. O-O e6 9. e5 Nfd7 10.
Bg5 f6 11. Bh4 Nc6 12. exd6 cxd6 13. d5 Nce5 14. dxe6 Nc5 15. Nxe5 dxe5 16. Qxd8 Rxd8 17.
e7 Re8 18. Nd5 g5 19. Nxb6 Rb8 20. Nxc8 Rexc8 21. Bg3 Kf7 22. Rfb1 a5 23. f3 Kxe7 24. Be1 Nb7 25. Bd3 Ke6 26. Bxh7 f5 27. g4 fxg4 28. hxg4 Nd6 29. Bxa5 e4 30. Bc3 Bxc3 31. bxc3 Rxb1+ 32. Rxb1 exf3 33. Kf2 Rxc3 34. Rb3 Rc4 35. Bg8+ Nf7 36. Rxf3 1-0

[Event "*** Titled Tuesday 3|2 Blitz"]
[Site "Chess.com"]
[Date "2014.12.30"]
[Round "5"]
[White "Sebastian"]
[Black "MisaPap"]
[Result "1-0"]
[WhiteElo "2546"]
[BlackElo "2365"]
[TimeControl "180+2"]
[EndTime "12:04:41 PST"]
[Termination "Sebastian won by resignation"]

1. e4 e5 2. Nf3 Nc6 3. Bb5 f5 4.
Nc3 fxe4 5. Nxe4 Nf6 6. Nxf6+ gxf6 7. Qe2 Bg7 8. d4 O-O 9. dxe5 fxe5 10. O-O d6 11. c3 Bd7 12. Ng5 Qf6 13. f4 h6 14.
Bc4+ Kh8 15. Qh5 Be8 16. Qh3 Qe7 17. Bd2 Bd7 18. f5 Na5 19. Be6 Bb5 20. f6 Rxf6 21.
Nf7+ Kh7 22. Bf5+ Kg8 23. Nxh6+ Kf8 24. Bg5 Bxf1 25. Rxf1 Ke8 26. Qh5+ Kd8 27. Ng4 c6 28. Nxf6 Bxf6 29. Bxf6 Qxf6 30. Bg4 Qe7 31. Rf7 1-0

[Event "*** Titled Tuesday 3|2 Blitz"]
[Site "Chess.com"]
[Date "2014.12.30"]
[Round "5"]
[White "KestutisLabeckas"]
[Black "UnPolarizing"]
[Result "1-0"]
[WhiteElo "2414"]
[BlackElo "2237"]
[TimeControl "180+2"]
[EndTime "12:04:46 PST"]
[Termination "KestutisLabeckas won by resignation"]

1. d4 d5 2. Nf3 Nf6 3. Bf4 Bf5 4. e3 e6 5. Bd3 Bxd3 6. Qxd3 Bd6 7.
Bg3 O-O 8. Nbd2 Nbd7 9. O-O Bxg3 10.
hxg3 c5 11. c4 dxc4 12. Nxc4 cxd4 13. Qxd4 Nb6 14. Nxb6 Qxb6 15. Qxb6 axb6 16. a3 Rac8 17. Rac1 Rc6 18. Ne5 Rc5 19. Nd3 Rc6 20. Nb4 Rc5 21.
Rcd1 Rfc8 22. Rd4 h6 23. Rfd1 Kh7 24. Kf1 Kg6 25. Rd6 b5 26. f3 R8c7 27. Ke2 Nh5 28.
g4 Nf6 29. R6d4 Rc4 30. Rd8 R4c5 31. R1d2 Rc4 32. Nd3 Nd5 33. Ne5+ Kf6 34. Nxc4 bxc4 35. Rc2 Ke7 36. Rg8 Kf6 37. g3 Nb6 38. Rd8 Ke7 39.
Rd1 Rd7 40. Rxd7+ Kxd7 41. b3 cxb3 42. Rb2 Kc6 43. Rxb3 Nd5 44. Kd3 b5 45. e4 Nb6 46.
Rc3+ Kd6 47. f4 f6 48. Rc1 Nc4 49. Rxc4 bxc4+ 50. Kxc4 Kc6 51. f5 1-0

[Event "*** Titled Tuesday 3|2 Blitz"]
[Site "Chess.com"]
[Date "2014.12.30"]
[Round "5"]
[White "DanielNaroditsky"]
[Black "GM_Barcenilla"]
[Result "1-0"]
[WhiteElo "2482"]
[BlackElo "2473"]
[TimeControl "180+2"]
[EndTime "12:04:57 PST"]
[Termination "DanielNaroditsky won by resignation"]

1. e4 e5 2. Nf3 Nc6 3. Bb5 a6 4.
Ba4 Nf6 5. O-O b5 6. Bb3 Be7 7. d4 d6 8. c3 O-O 9. Be3 Bb7 10. Nbd2 Ng4 11. Bd5 Nf6 12. Bb3 exd4 13. cxd4 Na5 14. Bc2 c5 15. d5 Nd7 16. b3 Bf6 17. Rb1 Re8 18. Re1 Rc8 19. Nf1 Ba8 20. Ng3 g6 21. h3 Nb7 22. Nh2 Bc3 23. Ng4 Bxe1 24. Qxe1 Ne5 25. Nh6+ Kg7 26. f4 Kxh6 27. fxe5+ Kg7 28.
exd6 Qxd6 29. Qf2 f6 30. Rf1 Rf8 31. Bf4 Qe7 32. Qe3 Kg8 33. Bh6 Rf7 34. h4 c4 35.
Qf3 Nc5 36. h5 cxb3 37. axb3 Nd7 38. hxg6 hxg6 39. Qg4 Ne5 40. Qxc8+ Kh7 41. Bf4 1-0

[Event "*** Titled Tuesday 3|2 Blitz"]
[Site "Chess.com"]
[Date "2014.12.30"]
[Round "5"]
[White "oggy1984"]
[Black "chessmachined"]
[Result "1-0"]
[WhiteElo "2146"]
[BlackElo "2128"]
[TimeControl "180+2"]
[EndTime "12:05:01 PST"]
[Termination "oggy1984 won by checkmate"]

1. e4 g6 2. d4 c6 3. Nc3 d5 4. f3 Bg7 5. Be3 Be6 6. Qd2 a6 7.
Nge2 dxe4 8. fxe4 Bc4 9. O-O-O a5 10. e5 Nd7 11. Ng3 Be6 12. Bd3 h5 13. Nge4 Bf5 14.
Ng5 e6 15. Rdf1 Ne7 16. g3 Nb6 17. h3 Nbd5 18. g4 hxg4 19. hxg4 Rxh1 20. Rxh1 Bxg4 21. Nce4 Nxe3 22. Nd6+ Kf8 23. Ngxf7 Qb6 24. Qxe3 Nf5 25. Qg5 Bh5 26. Rxh5 gxh5 27. Nxf5 exf5 28. Qxf5 Qxd4 29. Ng5+ Ke7 30. Qf7+ Kd8 31. Ne6+ Kc8 32. Qc7# 1-0

[Event "*** Titled Tuesday 3|2 Blitz"]
[Site "Chess.com"]
[Date "2014.12.30"]
[Round "5"]
[White "gumersindo"]
[Black "Carolina-moon"]
[Result "1-0"]
[WhiteElo "2107"]
[BlackElo "1890"]
[TimeControl "180+2"]
[EndTime "12:05:09 PST"]
[Termination "gumersindo won on time"]

1. d4 f5 2. g3 Nf6 3. Nf3 g6 4.
Bg2 Bg7 5. O-O O-O 6. c4 d6 7. d5 c6 8. Nc3 e5 9. dxe6 Bxe6 10. Nd2 Na6 11. Qc2 Nc5 12. b3 d5 13. cxd5 Nxd5 14. Bb2 Nb4 15. Qc1 Qe7 16. a3 Nba6 17. Qc2 Rad8 18.
Rfd1 Nc7 19. b4 Nd7 20. Nf3 Nf6 21. Ng5 Bc8 22. Nf3 Ncd5 23. Na4 Ne4 24. Bxg7 Qxg7 25. Nd4 Rfe8 26. e3 h6 27. Nc5 Nec3 28. Rd3 Ne4 29.
Nxe4 fxe4 30. Rdd1 Qf6 31. Bxe4 Rxe4 32. Qxe4 Nc3 33.
Qc2 Nxd1 34. Rxd1 Bh3 35. Qc4+ Kh8 36. Rc1 Rf8 37. Qe2 h5 38. f4 Re8 39. Nf3 Bg4 40. Kf2 Qf5 41. Rc5 Qe4 42. Rc4 Qd5 43. Rd4 1-0

[Event "*** Titled Tuesday 3|2 Blitz"]
[Site "Chess.com"]
[Date "2014.12.30"]
[Round "5"]
[White "THORK"]
[Black "AungTZ"]
[Result "1-0"]
[WhiteElo "2214"]
[BlackElo "2014"]
[TimeControl "180+2"]
[EndTime "12:05:27 PST"]
[Termination "THORK won on time"]

1. e4 c5 2. Nf3 Nc6 3. Nc3 d6 4. Bb5 Bd7 5. Bxc6 Bxc6 6. d4 cxd4 7. Qxd4 e5 8. Qd3 Be7 9. a4 Nf6 10. b4 b6 11. b5 Bb7 12. Bg5 O-O 13. Bxf6 Bxf6 14.
O-O Rc8 15. Rfd1 Qc7 16. Ra3 Rfd8 17. h3 h6 18. Nh2 Be7 19. Rb3 Qb8 20. Ng4 Rc5 21.
Ne3 Rdc8 22. Ned5 Bf8 23. Rd2 Qa8 24. Ra3 Rc4 25. a5 bxa5 26. Rxa5 f5 27. f3 Qb8 28.
Qe3 Bxd5 29. Nxd5 Rxc2 30. Rxc2 Rxc2 31. Qb3 Rc1+ 32. Kh2 Kh7 33. exf5 Qc8 34. Qd3 Kh8 35. Rxa7 Qe8 36. f6 Rc8 37. Qf5 Ra8 38. Nc7 Qc8 39. fxg7+ 1-0

[Event "*** Titled Tuesday 3|2 Blitz"]
[Site "Chess.com"]
[Date "2014.12.30"]
[Round "5"]
[White "esr44"]
[Black "vinceyoung15"]
[Result "0-1"]
[WhiteElo "1996"]
[BlackElo "1994"]
[TimeControl "180+2"]
[EndTime "12:05:27 PST"]
[Termination "vinceyoung15 won by resignation"]

1. d4 d5 2. Nf3 e6 3. c4 Be7 4.
Nc3 Nf6 5. Bg5 h6 6. Bh4 O-O 7. e3 b6 8. Bd3 Bb7 9. O-O Ne4 10. Bxe7 Qxe7 11. Rc1 Nxc3 12. Rxc3 c5 13. Re1 Rd8 14.
Qe2 dxc4 15. Bxc4 cxd4 16. exd4 Qf6 17. Bb3 Nc6 18. h3 Nxd4 19. Nxd4 Rxd4 20. Rc7 Be4 21. Rec1 Qg5 22. Rc8+ Rxc8 23. Rxc8+ Kh7 24. g3 f5 25. Rc7 Rd2 26. Qe3 Qxe3 27. fxe3 Rg2+ 28. Kf1 Rxg3 29.
Bxe6 Rxe3 30. Bb3 a5 31. h4 Kg6 32. Bf7+ Kf6 33. Bb3 g5 34. Rf7+ Ke5 35. Re7+ Kf4 36. hxg5 hxg5 37. Rf7 g4 38. Be6 g3 39. a3 g2+ 40.
Kf2 Rg3 41. Kg1 Rh3 42. Rg7 Rh1+ 43. Kf2 Rf1+ 44. Ke2 g1=Q 0-1

[Event "*** Titled Tuesday 3|2 Blitz"]
[Site "Chess.com"]
[Date "2014.12.30"]
[Round "5"]
[White "Dr-Bassem"]
[Black "pKiLz5Rn9b"]
[Result "0-1"]
[WhiteElo "2346"]
[BlackElo "2176"]
[TimeControl "180+2"]
[EndTime "12:05:33 PST"]
[Termination "pKiLz5Rn9b won by resignation"]

1. e4 e6 2. d3 d5 3. Nd2 Nf6 4.
Ngf3 Be7 5. g3 b5 6. Bg2 c5 7.
O-O Nc6 8. Re1 O-O 9. e5 Ne8 10. Nf1 b4 11. h4 a5 12. N1h2 a4 13. a3 Nc7 14. Bf4 Nb5 15. Qd2 Qa5 16. axb4 cxb4 17. Bg5 a3 18. Ng4 Qd8 19. Qf4 Bb7 20. bxa3 bxa3 21.
Bf6 Kh8 22. Bxg7+ Kxg7 23. Qh6+ Kh8 24. Ng5 Bxg5 25. hxg5 Rg8 26. Nf6 Rg7 27. Bf3 Ncd4 28. Bg4 Nxc2 29. Kg2 Nxe1+ 30. Rxe1 d4+ 31. f3 Qa5 32.
Rd1 a2 33. g6 a1=Q 34. Rxa1 Qxa1 35. Bh5 Ra2+ 36. Kh3 Qh1+ 37. Kg4 Qxf3+ 0-1

[Event "*** Titled Tuesday 3|2 Blitz"]
[Site "Chess.com"]
[Date "2014.12.30"]
[Round "5"]
[White "Houdinovic"]
[Black "A-Fier"]
[Result "1/2-1/2"]
[WhiteElo "2287"]
[BlackElo "2441"]
[TimeControl "180+2"]
[EndTime "12:05:35 PST"]
[Termination "Game drawn - insufficient material"]

1. e4 Nf6 2. e5 Nd5 3. Nc3 Nb6 4.
d4 d6 5. Nf3 g6 6. Bg5 Bg7 7.
exd6 cxd6 8. Qd2 O-O 9. Bh6 Nc6 10. O-O-O Bg4 11. h4 e5 12. Bxg7 Kxg7 13. dxe5 dxe5 14. Qe3 Qf6 15. Ne4 Qf4 16. Qxf4 exf4 17. Bb5 Bxf3 18. gxf3 Ne5 19. h5 Rad8 20. h6+ Kh8 21. Be2 f5 22. Ng5 Kg8 23. b3 Rfe8 24. Rxd8 Rxd8 25. Re1 Nf7 26. Ne6 Re8 27. Nxf4 Nxh6 28. Rd1 g5 29. Rg1 Nf7 30. Bd3 Kf8 31. Nh5 f4 32. Nf6 Re5 33. Rh1 h6 34. Ng4 Re6 35. Be4 Kg7 36. Bxb7 Nd6 37.
Bc6 Nf5 38. Be4 Nh4 39. Rg1 h5 40. Nh2 Kf6 41. Rd1 g4 42. c4 g3 43. fxg3 fxg3 44.
Nf1 g2 45. Ne3 Re7 46. Rg1 Rg7 47. Kd2 Ke5 48. Ke2 Kf4 49. Kf2 Rd7 50. Nxg2+ Nxg2 51. Rxg2 Rd2+ 52. Kg1 Rd1+ 53. Kh2 Nd7 54. b4 Ne5 55. c5 Rc1 56. Rg7 Ke3 57. a4 Rc4 58. Re7 Kf4 59. b5 Rxc5 60. Rxa7 Rc4 61. b6 Rb4 62. b7 Rb2+ 63. Kh3 Ng4 64. b8=Q+ Rxb8 65. Rf7+ Ke3 66. fxg4 hxg4+ 67. Kxg4 Kxe4 68. a5 Ra8 69. Rf5 Rg8+ 70. Rg5 Rxg5+ 71. Kxg5 Kd5 72. a6 Kc6 73. a7 Kb7 74. a8=Q+ Kxa8 1/2-1/2

[Event "*** Titled Tuesday 3|2 Blitz"]
[Site "Chess.com"]
[Date "2014.12.30"]
[Round "5"]
[White "Bigc08"]
[Black "ChessWarrior7197"]
[Result "0-1"]
[WhiteElo "1985"]
[BlackElo "1999"]
[TimeControl "180+2"]
[EndTime "12:05:37 PST"]
[Termination "ChessWarrior7197 won on time"]

1. e4 e5 2. Nf3 Nc6 3. Bb5 Nf6 4.
O-O Nxe4 5. d4 Nd6 6. Bxc6 dxc6 7. Nxe5 Be7 8. Nc3 O-O 9. Bf4 Nf5 10. Ne2 Bf6 11. Qd3 g6 12. Rad1 Bg7 13. Qd2 Re8 14.
Ng3 Nxg3 15. hxg3 Bf5 16. c3 h5 17. Nc4 h4 18. Bg5 Bf6 19. Bxf6 Qxf6 20. Qf4 hxg3 21.
Qxg3 Qe7 22. Ne5 Kg7 23. Rfe1 Qd6 24. f4 Rad8 25. Kf2 c5 26. Qf3 cxd4 27. Rxd4 Qb6 28.
Nc4 Qc5 29. Rxe8 Rxe8 30. Ne3 Be6 31. Qxb7 Bxa2 32. Qf3 a5 33. f5 Qb6 34. fxg6 fxg6 35.
Rd7+ Kg8 36. Qe2 Be6 37. Rd4 c5 38. Rf4 Qd6 39. Rf6 Kg7 40. Rf3 Bg4 0-1

[Event "*** Titled Tuesday 3|2 Blitz"]
[Site "Chess.com"]
[Date "2014.12.30"]
[Round "5"]
[White "hitaman"]
[Black "DARIO555"]
[Result "1-0"]
[WhiteElo "2384"]
[BlackElo "2198"]
[TimeControl "180+2"]
[EndTime "12:05:54 PST"]
[Termination "hitaman won by resignation"]

1. e4 e5 2. Nf3 Nc6 3. Bb5 a6 4.
Bxc6 dxc6 5. O-O f6 6. d4 Bg4 7. dxe5 Qxd1 8. Rxd1 fxe5 9. Nbd2 O-O-O 10. Re1 Bd6 11. h3 Bd7 12. b3 Ne7 13. Bb2 Ng6 14. Nc4 Rhe8 15. Ng5 Re7 16. Nxh7 b5 17. Nxd6+ cxd6 18. Rad1 Kc7 19. Ng5 Nf4 20. Bc1 Rf8 21. Bxf4 Rxf4 22.
g3 Rf6 23. Rd2 Be6 24. Nxe6+ Rexe6 25. Kg2 c5 26. h4 Kb6 27. Red1 Ka5 28. a3 Kb6 29. g4 Kc6 30. f3 a5 31. Kg3 Rf8 32. h5 Ref6 33. Rd3 Ra8 34. g5 Re6 35. a4 bxa4 36.
bxa4 Rb8 37. c3 c4 38. Rd5 Ra8 39. Rb1 Ra7 40. Rdb5 Kc7 41. Kg4 Kc6 42. Rb6+ Kc7 43. Rb8 Kc6 44. Rc8+ Kd7 45. Rg8 Kc6 46. Rbb8 Rc7 47.
Rgc8 Re7 48. Rxc7+ Rxc7 49. g6 d5 50. exd5+ Kxd5 51. Rb5+ Ke6 52. Rb6+ Kd5 53. h6 gxh6 54. Kh5 e4 55. Rb5+ Ke6 56. fxe4 Kf6 57. Kxh6 Re7 58. Rf5+ Ke6 59. g7 Re8 60. Kh7 Rh8+ 1-0

[Event "*** Titled Tuesday 3|2 Blitz"]
[Site "Chess.com"]
[Date "2014.12.30"]
[Round "5"]
[White "kharposh"]
[Black "Hafez_Bakr"]
[Result "1-0"]
[WhiteElo "2003"]
[BlackElo "1766"]
[TimeControl "180+2"]
[EndTime "12:05:56 PST"]
[Termination "kharposh won by resignation"]

1. e4 c5 2. Nf3 d6 3. d4 cxd4 4. Nxd4 Nf6 5. Nc3 g6 6. Bc4 Bg7 7. f3 O-O 8. Be3 Qc7 9. Bb3 a6 10. Qd2 Nc6 11. a4 Bd7 12. O-O Rfc8 13. Kh1 Ne5 14. Qf2 Nc4 15. Bxc4 Qxc4 16. Nb3 b5 17. axb5 axb5 18. Rxa8 Rxa8 19. Rd1 b4 20. Rd4 Qa6 21. Rxb4 Be6 22. Ra4 Qc8 23. Rxa8 Qxa8 24. h4 h5 25. Ba7 Qb7 26. Qb6 Qd7 27. Nd4 Ne8 28. Nxe6 fxe6 29. Qe3 Kh7 30. Bd4 e5 31. Bb6 Qb7 32. Nd5 Bh6 33. Qf2 Nf6 34. Nxf6+ exf6 35. c4 Qc6 36. b3 Qa8 37. Be3 Qa1+ 38. Kh2 g5 39. Qd2 Kg6 40. hxg5 Bxg5 41. Bxg5 fxg5 42. Qxd6+ Kh7 43. Qe7+ Kg6 44. Qe6+ Kh7 45. Qf5+ Kh6 46. Qf6+ Kh7 47. Qxg5 Qc3 48. Qxh5+ Kg7 49. Qg5+ Kf7 50. Qf5+ Ke7 51. Qh7+ Kd6 52.
Qg6+ Kc5 53. Qe6 Kd4 54. c5 Qe1 55. Qd6+ Ke3 56. Qh6+ Kd4 57. c6 Qa5 58. Qd6+ Ke3 59.
b4 Qa1 1-0